Map: Odyssey LE

Players

PiG - Winner!

  • Race: Zerg Zerg
  • League: Grandmaster
  • Spawn Location: 5:00

Railgan

  • Race: Zerg Zerg
  • League: Grandmaster
  • Spawn Location: 11:00

VOD

https://www.youtube.com/watch?v=Yag-Q5y-9yU

Description

Time

  • Played on: June 5, 2017, 7:23 p.m.
  • Length: 8:37
Show
View Real Time Build Order
Export as new Build Order

PiG Zerg - Winner!

Build Orders: Pool First, Zergling Baneling 

Get SALT Encoding   

  12  0:01  Drone  
  13  0:13  Overlord  
  13  0:17  Drone  
  14  0:31  Drone x2  
  16  0:39  Drone  
  17  0:44  Extractor  
  17  0:47  Drone  
  17  0:50  Spawning Pool  
  17  0:56  Drone  
  17  1:07  Drone  
  18  1:18  Hatchery  
  17  1:24  Drone  
  18  1:37  Queen  
  18  1:38  Zergling x2  
  21  1:49  Overlord  
  21  1:50  Metabolic Boost  
  21  1:55  Drone  
  22  2:14  Queen  
  24  2:16  Drone  
  24  2:21  Baneling Nest  
  24  2:27  Zergling x2  
  24  2:28  Zergling x2  
  26  2:32  Zergling x2  
  27  2:37  Zergling x2  
  28  2:46  Zergling x8  
  28  2:47  Zergling x2  
  33  2:56  Zergling x2  
  33  2:58  Overlord  
  34  3:05  Baneling x2  
  34  3:11  Drone x2  
  36  3:20  Drone x4  
  42  3:41  Drone x6  
  38  3:48  Zergling x4  
  37  3:58  Zergling x8  
  37  4:01  Spine Crawler  
  40  4:03  Queen  
  40  4:06  Zergling x4  
  40  4:07  Baneling  
  40  4:08  Baneling x2  
  44  4:10  Baneling  
  44  4:20  Baneling x2  
  44  4:24  Overlord  
  44  4:25  Overlord  
  43  4:34  Baneling x3  
  43  4:48  Drone x4  
  47  4:57  Drone x4  
  44  5:00  Drone  
  45  5:07  Drone  
  45  5:08  Drone  
  45  5:13  Hatchery  
  44  5:19  Zergling x6  
  44  5:20  Zergling x4  
  44  5:21  Drone x2  
  51  5:23  Extractor  
  51  5:25  Roach Warren  
  48  5:52  Drone x2  
  48  5:53  Overlord x4, Drone  
  50  6:08  Roach x5  
  60  6:14  Drone, Evolution Chamber  
  60  6:23  Roach  
  62  6:34  Drone x8  
  68  6:47  Extractor  
  68  6:49  Lair, Drone  
  68  6:50  Drone x2  
  70  7:01  Roach x4  
  78  7:03  Extractor  
  78  7:05  Overlord  
  78  7:06  Overlord  
  75  7:17  Roach x6  
  75  7:22  Overlord x2, Drone x3  
  89  7:23  Overlord  
  89  7:29  Roach  
  90  7:30  Zergling x2  
  90  7:35  Roach x4  
  90  7:36  Ravager x2  
  101  7:40  Roach  
  101  7:42  Roach  
  105  7:44  Roach  
  105  7:48  Roach  
  105  7:49  Roach x2  
  113  7:52  Roach x3  
  119  8:05  Roach x3  
  125  8:11  Overlord x2  
  125  8:14  Extractor  
Show
View Real Time Build Order
Export as new Build Order

Railgan Zerg 

Build Orders: Pool First, Zergling Baneling 

Get SALT Encoding   

  12  0:01  Drone  
  13  0:12  Overlord  
  13  0:16  Drone  
  14  0:31  Drone  
  14  0:32  Drone  
  14  0:34  Drone  
  17  0:46  Extractor  
  17  0:47  Spawning Pool  
  15  0:50  Drone  
  15  0:56  Drone  
  17  1:15  Hatchery  
  17  1:17  Drone  
  17  1:22  Drone  
  18  1:33  Drone  
  18  1:37  Queen  
  21  1:45  Overlord  
  22  1:54  Zergling x2  
  22  2:07  Zergling x2  
  22  2:08  Metabolic Boost  
  23  2:12  Baneling Nest  
  23  2:13  Drone  
  23  2:18  Queen  
  25  2:23  Drone  
  25  2:29  Drone  
  27  2:34  Queen  
  29  2:40  Drone  
  29  2:41  Drone  
  31  2:46  Drone  
  32  2:53  Drone  
  32  2:57  Overlord  
  33  3:05  Zergling x2  
  34  3:07  Drone  
  34  3:09  Drone  
  36  3:16  Overlord  
  36  3:17  Zergling x2  
  36  3:19  Zergling x2  
  40  3:20  Zergling x4  
  40  3:26  Baneling x2  
  40  3:28  Zergling x2  
  40  3:31  Zergling x2  
  40  3:32  Zergling x4  
  44  3:35  Zergling x2  
  44  3:36  Zergling x2  
  44  3:39  Baneling x3  
  31  3:48  Drone  
  31  3:49  Drone  
  31  3:55  Drone  
  32  3:57  Drone  
  32  4:00  Drone  
  34  4:03  Drone  
  35  4:11  Baneling  
  35  4:12  Baneling  
  35  4:13  Baneling x3  
  35  4:14  Baneling  
  35  4:16  Drone  
  36  4:19  Drone  
  36  4:21  Drone  
  35  4:40  Drone x6  
  35  4:42  Queen  
  42  4:50  Drone  
  42  4:54  Zergling x4  
  42  4:58  Zergling x2  
  42  4:59  Zergling x4  
  46  5:03  Extractor  
  46  5:04  Roach Warren  
  46  5:05  Drone  
  45  5:10  Overlord  
  45  5:17  Evolution Chamber, Baneling  
  45  5:18  Baneling x2  
  44  5:25  Drone  
  44  5:26  Drone x2  
  47  5:33  Hatchery  
  47  5:35  Drone  
  47  5:39  Drone x2  
  47  5:40  Drone  
  45  5:50  Overlord  
  45  5:51  Zergling x4  
  45  5:54  Zergling x2  
  46  5:57  Zergling x2  
  46  5:58  Roach x2, Baneling x2  
  46  5:59  Baneling  
  46  6:03  Zerg Missile Weapons Level 1  
  51  6:06  Roach  
  51  6:07  Zergling x2  
  51  6:08  Zergling x2  
  51  6:10  Overlord  
  56  6:14  Extractor  
  56  6:17  Roach x2  
  58  6:19  Overlord  
  58  6:24  Drone x3  
  64  6:32  Roach  
  64  6:33  Roach  
  64  6:37  Roach x2  
  66  6:44  Drone, Roach  
  68  6:51  Roach  
  68  6:53  Roach x3  
  76  6:55  Overlord  
  76  7:07  Hatchery  
  75  7:10  Roach  
  75  7:11  Roach  
  75  7:12  Roach  
  80  7:17  Roach x3  
  80  7:21  Drone  
  80  7:22  Drone  
  88  7:23  Roach  
  88  7:25  Overlord  
  88  7:28  Overlord  
  90  7:39  Overlord  
  90  7:40  Overlord  
  90  7:46  Roach x3  
  90  7:49  Roach x2  
  100  7:58  Roach  
  100  7:59  Roach  
  99  8:06  Roach  
  99  8:07  Roach x2  
  99  8:11  Roach x4  
Tags
 
Add a new tag
Caveats
  • Supply blocks, unpowered buildings, or Contaminate may cause inaccurate times.
  • Supply counts are checked every 10 seconds.